 Dungeon Crawl Stone Soup version 0.31-a0-544-gceb718ecc6 (webtiles) character file.

Game seed: 10964601520785692807

2013 Ofeo the Fighter (level 9, -6/53 (72) HPs)
             Began as a Demonspawn Shapeshifter on Aug 15, 2023.
             Was a Follower of Hepliaklqana.
             Killed by divine providence
             ... invoked by Jeremiah
              (15 damage)
             ... on level 7 of the Dungeon.
             The game lasted 00:10:44 (7085 turns).

Ofeo the Fighter (Demonspawn Shapeshifter)          Turns: 7085, Time: 00:10:45

HP:   -6/53 (72)    AC: 13    Str: 15    XL:     9   Next: 2%
MP:   9/9           EV:  5    Int:  8    God:    Hepliaklqana [*.....]
Gold: 289           SH:  0    Dex: 20    Spells: 8/8 levels left

rFire   . . .        r - +2 spear (venom)
rCold   . . .        (no shield)
rNeg    . . .        b - +1 plate armour
rPois   +            (helmet currently unavailable)
rElec   .            (cloak currently unavailable)
rCorr   .            (gloves currently unavailable)
SInv    .            (boots currently unavailable)
Will    .....        (no amulet) Stlth
                     g - ring of poison resistance
HPRegen 0.28/turn    (no ring)
MPRegen 0.11/turn

%: clarity
@: mighty, beast-form, very heavily drained
A: beast (slay +4), reduced essence, antennae 2, rugged brown scales 2, ignite
blood 2, agile 1, clarity, weak 1
a: Begin Untransformation, Renounce Religion, Recall Ancestor, Ancestor Identity


You were on level 7 of the Dungeon.
You worshipped Hepliaklqana.
Hepliaklqana was aware of your devotion.
You were a hulking beast.
You visited 2 branches of the dungeon, and saw 8 of its levels.

You collected 289 gold pieces.

Inventory:

Hand Weapons
 k - a +0 orcbow
 r - a +2 spear of venom (weapon)
Missiles
 s - 2 javelins (quivered)
Armour
 a - a +0 animal skin
 b - a +1 plate armour (worn)
Jewellery
 g - a ring of poison resistance (left hand)
Talismans
 c - a beast talisman (active)
 d - a flux talisman
Wands
 v - a wand of flame (1)
Scrolls
 f - a scroll of enchant armour
 n - 2 scrolls of amnesia
 p - a scroll of poison
 u - a scroll of fog
Potions
 e - a potion of degeneration
 h - 3 potions of heal wounds {@q2}
 j - a potion of mutation
 l - 2 potions of lignification
 o - 3 potions of attraction
 q - 4 potions of curing {@q1}
 w - 2 potions of enlightenment {unknown}


   Skills:
 + Level 9.0 Fighting
 - Level 2.8 Dodging
 - Level 3.4 Unarmed Combat
 - Level 6.0 Shapeshifting


You had 8 spell levels left.
You didn't know any spells.
Your spell library contained the following spells:

 Spells                   Type           Power      Damage    Failure   Level
 Haunt                    Necr/Summ      0%         N/A       100%        7
 Borgnjor's Revivificati  Necr           0%         N/A       100%        8
 Death's Door             Necr           0%         N/A       100%        9


Dungeon Overview and Level Annotations

Branches:
Dungeon (7/15)             Temple (1/1) D:6

Altars:
Cheibriados
Dithmenos
Fedhas
Gozag
Hepliaklqana
Kikubaaqudgha
Makhleb
Okawaru
Qazlal
Ru
Vehumet
Wu Jian
Xom
Yredelemnul

Annotations:
D:7 Jeremiah


Innate Abilities, Weirdness & Mutations

You are a hulking beast.
Your limbs bulge with bestial killing power. (Slay +4)
Your life essence is reduced to manifest your ancestor. (-10% HP)
You have a pair of antennae on your head.
You are mostly covered in rugged brown scales. (AC +2, +5% HP)
Your demonic aura often causes spilled blood to erupt in flames.
You are agile. (Dex +4, Str/Int -1)
You possess an exceptional clarity of mind.
You are weak. (Str -2)


Message History

You throw a javelin.
The javelin pierces through the butterfly!
You kill the butterfly!
The butterfly disappears in a burst of colours!
The javelin closely misses the butterfly.
The javelin pierces through the butterfly!
You kill the butterfly!
The butterfly disappears in a burst of colours!
The javelin closely misses Jeremiah.
Jeremiah whispers, "I obey.
I obey.
I obey."
Jeremiah throws their arms up pleadingly.
Something smites you!
* * * LOW HITPOINT WARNING * * *
You take 14 damage, and have 8/53 hp.
MASSIVE DAMAGE!!
Throw: 4 javelins
Press: ? - help, Q - select action, (/) - cycle Shift-Dir - straight line, f/p - Jeremiah
Aim: Jeremiah, wielding a +2 glaive of draining, wearing a +2 robe of willpower and carrying a wand of mindburst (severely wounded, poisoned, 62% to hit)
You throw a javelin.
The javelin pierces through the butterfly!
You kill the butterfly!
The butterfly disappears in a burst of colours!
The javelin pierces through the butterfly!
You kill the butterfly!
The butterfly disappears in a burst of colours!
The javelin pierces through Jeremiah.
Jeremiah is severely wounded.
Jeremiah hops!
Throw: 3 javelins
Press: ? - help, Q - select action, (/) - cycle Shift-Dir - straight line, f/p - Jeremiah
Aim: Jeremiah, wielding a +2 glaive of draining, wearing a +2 robe of willpower and carrying a wand of mindburst (severely wounded, poisoned, 62% to hit)
You throw a javelin.
The javelin barely misses the butterfly.
The javelin closely misses the butterfly.
The javelin pierces through the butterfly!
You kill the butterfly!
The butterfly disappears in a burst of colours!
The javelin misses Jeremiah.
Jeremiah shouts, "O dreadful one, destroy my foe!"
Something smites you!
You die...

.........# ######..#.#####
###.####.############..#.#####
#.# #...............#.#####
#.# ###############.#.#####
##.## ######....##### ##...##
######{{####### ...#..#
######.{####### ##.(..###
###########bF####### ##......#
#.....hb..bb(#######
#.###.#.###.#########b########
#.# #.#..##.# ######.########
#.###.#..##.#########{########
##..........<........{########
####.......##################
######### ###############


You could see Jeremiah (poisoned).

Vanquished Creatures
  Grinder (D:4)
  Sigmund (D:3)
  Eustachio (D:4)
  A water moccasin (D:3)
  2 sky beasts
  An ogre (D:4)
  2 centaurs (D:5)
  A phantom (D:5)
  A bullfrog (D:7)
  A crimson imp (D:5)
  A hound (D:5)
  3 orc priests
  3 gnoll boudas
  A jelly (D:7)
  4 orc wizards
  Terence (D:2)
  3 iguanas
  14 gnolls
  13 adders
  A shadow imp (D:6)
  An ufetubus (D:5)
  5 dart slugs
  12 orcs
  4 ball pythons
  3 bats
  7 endoplasms
  5 giant cockroaches
  5 goblins
  11 hobgoblins
  5 jackals (D:5)
  9 kobolds
  A quokka (D:2)
  8 frilled lizards
  6 rats
138 creatures vanquished.

Vanquished Creatures (others)
  2 ancestors (D:7)
2 creatures vanquished.

Grand Total: 140 creatures vanquished

Notes
Turn   | Place    | Note
-------+----------+-------------------------------------------
     0 | D:1      | Ofeo the Demonspawn Shapeshifter began the quest for the
                  | Orb.
     0 | D:1      | Reached XP level 1. HP: 15/15 MP: 1/1
   240 | D:1      | Gained mutation: Your demonic aura sometimes causes spilled
                  | blood to erupt in flames. [demonic ancestry]
   240 | D:1      | Reached XP level 2. HP: 18/21 MP: 2/2
   662 | D:1      | Found a faded altar of an unknown god.
   952 | D:2      | Gained mutation: You are partially covered in rugged brown
                  | scales. (AC +1, +3% HP) [demonic ancestry]
   952 | D:2      | Reached XP level 3. HP: 21/26 MP: 3/3
  1375 | D:2      | Reached skill level 2 in Fighting
  1375 | D:2      | Gained mutation: Your demonic aura often causes spilled
                  | blood to erupt in flames. [demonic ancestry]
  1375 | D:2      | Reached XP level 4. HP: 33/33 MP: 4/4
  1582 | D:2      | Noticed Terence
  1588 | D:2      | Killed Terence
  1988 | D:3      | Found a stormy altar of Qazlal.
  2089 | D:2      | Gained mutation: You are mostly covered in rugged brown
                  | scales. (AC +2, +5% HP) [demonic ancestry]
  2089 | D:2      | Reached XP level 5. HP: 4/40 MP: 5/5
  2356 | D:3      | Reached skill level 3 in Fighting
  2480 | D:3      | Noticed Sigmund
  2483 | D:3      | Gained mutation: You have hidden genetic potential. [potion
                  | of mutation]
  2483 | D:3      | Gained mutation: You are weak. (Str -2) [potion of
                  | mutation]
  2483 | D:3      | Gained mutation: You have a pair of small horns on your
                  | head. [potion of mutation]
  2489 | D:3      | Killed Sigmund
  2490 | D:3      | Reached skill level 4 in Fighting
  2490 | D:3      | Lost mutation: You have a pair of small horns on your head.
                  | [demonic ancestry]
  2490 | D:3      | Gained mutation: You have a pair of small antennae on your
                  | head. [demonic ancestry]
  2490 | D:3      | Reached XP level 6. HP: 37/50 MP: 6/6
  2497 | D:3      | Gained mutation: You possess an exceptional clarity of
                  | mind. [hidden potential]
  3011 | D:3      | Noticed a water moccasin
  3014 | D:3      | Killed a water moccasin
  3015 | D:3      | Gained mutation: You have a pair of antennae on your head.
                  | [demonic ancestry]
  3015 | D:3      | Reached XP level 7. HP: 42/57 MP: 7/7
  3360 | D:4      | Found a shimmering altar of Xom.
  3421 | D:4      | Noticed Grinder
  3437 | D:4      | Paralysed by Grinder for 4 turns
  3441 | D:4      | Killed Grinder
  3442 | D:4      | Reached skill level 5 in Fighting
  3457 | D:4      | Gained mutation: You are agile. (Dex +4, Str/Int -1)
                  | [hidden potential]
  3457 | D:4      | Lost mutation: You have hidden genetic potential. [hidden
                  | potential expressed]
  3791 | D:4      | Reached skill level 5 in Shapeshifting
  4045 | D:4      | Noticed Eustachio
  4053 | D:4      | Killed Eustachio
  4054 | D:4      | Reached skill level 6 in Fighting
  4184 | D:5      | Entered Level 5 of the Dungeon
  4238 | D:5      | Found a sacrificial altar of Ru.
  4246 | D:5      | Reached XP level 8. HP: 66/67 MP: 8/8
  4254 | D:5      | Became a worshipper of Ru the Awakened
  5473 | D:5      | Found a burning altar of Makhleb.
  5473 | D:5      | Found a radiant altar of Vehumet.
  5738 | D:5      | Reached skill level 7 in Fighting
  6006 | D:6      | Found a staircase to the Ecumenical Temple.
  6020 | Temple   | Entered the Ecumenical Temple
  6116 | Temple   | Fell from the grace of Ru
  6116 | Temple   | Became a worshipper of Hepliaklqana the Forgotten
  6541 | D:6      | Reached skill level 8 in Fighting
  6674 | D:6      | Reached * piety under Hepliaklqana
  6975 | D:7      | Reached XP level 9. HP: 67/71 MP: 9/9
  6981 | D:7      | Reached skill level 9 in Fighting
  7016 | D:7      | Noticed Jeremiah
  7081 | D:7      | HP: 1/53 [Jeremiah/divine providence (8)]
  7085 | D:7      | Killed from afar by Jeremiah

Illustrated notes

Levels and vault maps discovered:
D:1:      lemuel_arrival_muddy, layout_basic, basic_ecumenical_altar,
          lexackson_kobold_supper
D:2:      kennysheep_six_static_rooms, layout_loops_cross, uniq_terence
D:3:      layout_loops_corners, lemuel_crystal_altar, dk_vineyard_2,
          uniq_sigmund
D:4:      layout_gridville, mainiacjoe_overflow_boulevard, uniq_eustachio,
          uniq_grinder
D:5:      layout_basic, grunt_temple_overflow_lords_of_destruction,
          nicolae_ru_great_annihilating_truth, nicolae_elyvilon_temple_path
D:6:      layout_gridville, minmay_temple_entry_grid, serial_shops,
          nicolae_take_the_stairs, nicolae_figureground_sparkle
D:7:      layout_loops_ring, kennysheep_doodads, uniq_jeremiah
Temple:   grunt_temple_mini_profane

Skill      XL: |  1  2  3  4  5  6  7  8  9 |
---------------+----------------------------+-----
Dodging        | 2 |  2.8
Unarmed Combat | 3 |  3.4
Shapeshifting  | 3 4 5 6 |  6.0
Fighting       | 2 4 6 8 9 |  9.0

Action                     |  1- 3 |  4- 6 |  7- 9 || total
---------------------------+-------+-------+-------++-------
  Melee: Unarmed           |    78 |    39 |       ||   117
         Punch             |     1 |     1 |     5 ||     7
         Spear             |       |    60 |   212 ||   272
  Throw: Javelin           |       |       |     9 ||     9
  Evoke: Wand              |       |       |     5 ||     5
    Use: Potion            |     1 |     2 |     5 ||     8
         Scroll            |       |     5 |    11 ||    16
 Armour: Skin              |     8 |       |       ||     8
         Animal skin       |     1 |       |       ||     1
         Plate armour      |    43 |    70 |   143 ||   256
  Dodge: Dodged            |    24 |    27 |    33 ||    84

Table legend: (Time is in decaauts)
 A = Elapsed time spent in this place.
 B = Non-inter-level travel time spent in this place.
 C = Inter-level travel time spent in this place.
 D = Time resting spent in this place.
 E = Time spent auto-exploring this place.
 F = Levels seen in this place.
 G = Mean time per level.
                   A        B        C        D        E       F      G
               +--------+--------+--------+--------+--------+-----+--------+
         Total |   7105 |   6782 |    323 |    416 |   5090 |   8 |  888.1 |
       Dungeon |   6969 |   6668 |    301 |    416 |   5090 |   7 |  995.6 |
        Temple |    135 |    113 |     22 |      0 |      0 |   1 |  135.0 |
               +--------+--------+--------+--------+--------+-----+--------+

Top non-repeatable levels by time:
     D:5: 1798 daAuts
     D:3: 1211 daAuts
     D:2: 1196 daAuts
     D:1: 940 daAuts
     D:4: 836 daAuts
     D:6: 764 daAuts
     D:7: 222 daAuts
  Temple: 135 daAuts
